[Event "Fagernes Chess GM-Swiss 2024"]
[Site "Fagernes"]
[Date "2024.03.26"]
[Round "3.8"]
[White "Yaniv, Yuval"]
[Black "Urkedal, Frode Olav Olsen"]
[Result "0-1"]
[ECO "C88"]
[WhiteElo "2368"]
[BlackElo "2536"]
[Annotator "TA"]
[PlyCount "106"]
[EventDate "2024.03.25"]
[EventType "swiss"]
[EventCountry "NOR"]
[SourceTitle "playchess.com"]
[Source "ChessBase"]
[SourceQuality "1"]
[TimeControl "40/6000+30:2400+30"]

1. e4 e5 2. Nf3 Nc6 3. Bb5 a6 4. Ba4 Nf6 5. O-O Be7 6. Re1 b5 7. Bb3 O-O 8. a4 Bb7 9. d3 d6 10. Bd2 Qd7 11. Nc3 Na5 12. Ba2 c5 {[%emt 0:00:32] C88: Closed Ruy Lopez: Anti-Marshall Systems.} 13. Nd5 Nxd5 14. Bxd5 Bxd5 15. exd5 Nb7 $146 ({Predecessor:} 15... b4 16. c3 Qb7 17. cxb4 cxb4 18. d4 f6 19. Nh4 f5 20. Qh5 Bxh4 21. Qxh4 Nb3 22. Rad1 Nxd4 23. Bg5 f4 24. Qg4 Qxd5 {0-1 Murzin,V (2556)-Sargsyan,S (2645) The Game has begun U20 2022 (6)}) 16. c3 f5 17. Ra3 c4 18. d4 e4 19. Bg5 (19. axb5 $11 Qxb5 (19... exf3 20. bxa6 Nd8 21. Qxf3 $11) (19... axb5 20. Rxa8 Rxa8 21. Ng5 $11) 20. Bg5 Qxb2 21. Ra4 Bxg5 22. Nxg5) 19... Rae8 20. Bxe7 Qxe7 21. axb5 axb5 22. Ra7 h6 23. Nd2 Qf7 24. b3 Qxd5 25. bxc4 bxc4 26. Qa4 Nc5 27. Qxc4 (27. dxc5 Qxd2 28. Qxc4+ d5 $17) 27... Qxc4 28. Nxc4 Nd3 29. Re2 (29. Rb1 $11 Rb8 30. Rba1) 29... Rb8 $15 30. h4 Rb1+ 31. Kh2 Rf1 $1 32. f3 ({White should play} 32. Ne3 $15 Rxf2 33. Rxf2 Nxf2 34. Kg1) 32... Nf4 $17 (32... exf3 33. Ree7 Rd8 34. Rxg7+ Kh8 35. Nb6 fxg2 36. Rh7+ (36. Kxg2 Rf2+ 37. Kh1 Rf1+ 38. Kh2 Rf2+ 39. Kh1 Rf1+ 40. Kg2 Rf2+ 41. Kg1 Rg8 $11) (36. Rxg2 Ne1 $11) 36... Kg8 37. Rag7+ (37. Kxg2 Re1 $18) 37... Kf8 38. Kxg2 $18) 33. Rb2 exf3 34. gxf3 Rxf3 35. Rbb7 Rh3+ (35... Rxc3 36. Rxg7+ (36. Nxd6 $2 Rh3+ 37. Kg1 Rg3+ 38. Kf2 Rg4 $17) 36... Kh8 37. Rh7+ Kg8 38. Rag7#) 36. Kg1 Nh5 ({Weaker is} 36... Rxh4 37. Rxg7+ (37. Nxd6 $2 Rg4+ 38. Kh2 Ne2 $19) 37... Kh8 38. Rh7+ Kg8 39. Rag7#) 37. Nxd6 Rxc3 38. Re7 f4 39. Ne4 (39. Rf7 $17) 39... Rc2 $2 (39... Rc1+ $19 40. Kf2 f3) 40. Rac7 $17 Rxc7 41. Rxc7 Re8 42. Nc3 ({White should try} 42. Nf2) 42... Rd8 (42... Re3 $17 {And now ...Nf6 would win.} 43. Rc5 Ng3) 43. d5 Nf6 44. Rc4 $2 (44. Kg2 $17) 44... g5 $19 (44... Nxd5 45. Rd4 $11) 45. hxg5 hxg5 ({Stronger than} 45... Nxd5 46. Rd4 $11) 46. Kg2 $2 (46. Rc5 $17) 46... Kf7 47. Kf3 (47. Rc6 $142) 47... Re8 $19 ({Not} 47... Nxd5 48. Nxd5 Rxd5 49. Kg4 $15) 48. d6 Re3+ 49. Kg2 Rd3 50. Nb5 Rd5 51. Nd4 Rxd6 52. Nf3 Kg6 53. Rc5 Rd5 0-1

[Event "Fagernes Chess GM-Swiss 2024"]
[Site "Fagernes"]
[Date "2024.03.26"]
[Round "3.9"]
[White "Lund, Gunnar"]
[Black "Raja Rithvik R"]
[Result "1/2-1/2"]
[ECO "D30"]
[WhiteElo "2335"]
[BlackElo "2532"]
[Annotator "TA"]
[PlyCount "44"]
[EventDate "2024.03.25"]
[EventType "swiss"]
[EventCountry "NOR"]
[SourceTitle "playchess.com"]
[Source "ChessBase"]
[SourceQuality "1"]
[TimeControl "40/6000+30:2400+30"]

1. d4 d5 2. c4 e6 3. Nf3 c6 4. e3 Nf6 5. Bd3 Nbd7 6. O-O dxc4 7. Bxc4 Bd6 8. Nbd2 O-O 9. Be2 Bc7 10. Nc4 {[%emt 0:11:51] Weiß steht etwas besser.} c5 11. b3 b6 12. Bb2 Bb7 13. dxc5 Nxc5 14. Qd4 Qe7 15. Rfd1 Be4 16. Nce5 Rfd8 17. Qc4 Rac8 18. Rxd8+ Rxd8 19. b4 Bd5 20. Qc2 Be4 21. Qc4 Bd5 22. Qc2 Be4 {[%emt 0:00:14] Nicht viel passiert in dieser Partie.   Gewichteter Fehlerwert: Weiß=0.11 (sehr präzise) /Schwarz=0.07 (makellos) .  Ungenau:       	Weiß=2     	Schwarz=2     OK:         	Weiß=4     	Schwarz=8} 1/2-1/2

[Event "Fagernes Chess GM-Swiss 2024"]
[Site "Fagernes"]
[Date "2024.03.26"]
[Round "3.10"]
[White "Moksh Amit Doshi"]
[Black "Blomqvist, Erik"]
[Result "1/2-1/2"]
[ECO "E15"]
[WhiteElo "2353"]
[BlackElo "2511"]
[Annotator "RC"]
[PlyCount "110"]
[EventDate "2024.03.25"]
[EventType "swiss"]
[EventCountry "NOR"]
[SourceTitle "playchess.com"]
[Source "ChessBase"]
[SourceQuality "1"]
[TimeControl "40/6000+30:2400+30"]

1. d4 Nf6 2. c4 e6 3. Nf3 b6 4. g3 Ba6 5. Qc2 c5 6. d5 exd5 7. cxd5 Bb7 8. Bg2 Nxd5 9. O-O Nc6 10. Rd1 Be7 11. Qf5 Nf6 12. e4 g6 13. Qf4 O-O 14. Nc3 d6 15. b3 Nh5 16. Qd2 Bf6 17. Bb2 Ng7 18. Nb5 Bxb2 19. Qxb2 Qe7 20. Nxd6 Rad8 21. Nxb7 Qxb7 22. Qf6 Ne6 23. h4 Qe7 24. Qxe7 Nxe7 25. Bh3 Rxd1+ 26. Rxd1 Rd8 27. Rxd8+ Nxd8 28. Bd7 Nec6 29. Bxc6 Nxc6 30. Kf1 f6 31. Ke2 Kf7 32. Nd2 Ke6 33. Ke3 b5 34. g4 h6 35. f4 g5 36. hxg5 hxg5 37. a4 gxf4+ 38. Kxf4 c4 39. bxc4 bxa4 40. Nb1 Ne5 41. Na3 a6 42. g5 fxg5+ 43. Kxg5 Nd3 44. c5 Kd7 45. Kf5 Kc6 46. e5 Nb4 47. e6 Nd5 48. Ke4 Kxc5 49. Nc2 a5 50. Kd3 Nf4+ 51. Kc3 Nxe6 52. Kb2 Kc4 53. Ka3 Nc5 54. Ne3+ Kd4 55. Nf5+ Ke5 1/2-1/2

[Event "Fagernes Chess GM-Swiss 2024"]
[Site "Fagernes"]
[Date "2024.03.26"]
[Round "3.11"]
[White "Can, Isik"]
[Black "Audi Ameya"]
[Result "1/2-1/2"]
[ECO "D91"]
[WhiteElo "2493"]
[BlackElo "2378"]
[Annotator "TA"]
[PlyCount "102"]
[EventDate "2024.03.25"]
[EventType "swiss"]
[EventCountry "NOR"]
[SourceTitle "playchess.com"]
[Source "ChessBase"]
[SourceQuality "1"]
[TimeControl "40/6000+30:2400+30"]

1. d4 Nf6 2. c4 g6 3. Nc3 d5 4. Nf3 Bg7 5. Bg5 Ne4 6. cxd5 Nxg5 7. Nxg5 e6 8. Qd2 h6 9. Nf3 exd5 10. e3 O-O 11. Bd3 Re8 12. O-O Nc6 13. Rfc1 Bg4 14. Be2 Ne7 15. h3 Bxf3 16. Bxf3 c6 17. b4 a6 18. a4 Nf5 19. Bg4 ({Vorzuziehen ist} 19. Qd1 $11) 19... Nd6 20. Nd1 Nc4 21. Qc3 h5 22. Be2 b5 23. axb5 axb5 24. Rxa8 Qxa8 25. Ra1 {[%emt 0:00:03] Es drohte Qa2} Qb8 26. Nb2 Qb6 27. Kf1 Kh7 28. Ra2 Qc7 29. Kg1 {[%emt 0:00:01] Gegen Qh2+ gerichtet.} Qe7 30. Bf3 (30. Nd3 $5) 30... Bf8 31. Nd3 Qg5 32. Ra6 Re6 {[%emt 0:03:22] [#]} 33. Ne5 Nxe5 $15 34. dxe5 Qh4 ({Günstiger ist} 34... Qf5 $15 35. Rxc6 Bxb4 (35... Rxe5 36. g4 $14)) 35. Rxc6 $11 {[%emt 0:01:20] und nun wäre Rc7 stark für Weiss.} Bxb4 36. Qc2 $36 {[%emt 0:01:01][%mdl 2048] Schwarz sollte Rc7 verhindern. Schwarz steht unter Druck.} Rxe5 37. Qb2 Qe7 38. Rc8 Qd7 39. Rb8 Bd6 40. Rxb5 Qc6 41. Rb6 Qc5 {[%emt 0:03:17][%cal Oe5e3] [#] ...Rxe3! ist eine echte Drohung.} 42. Rb5 Qc4 43. Rb7 d4 {[%emt 0:02:57] Die Stellung ist ausgeglichen.} 44. Qb3 (44. Qxd4 $2 {geht unter.} Qxd4 45. Rb1 Qh4 $19) 44... Qc1+ 45. Qd1 $1 Qxd1+ 46. Bxd1 dxe3 {[%emt 0:00:05] Zielt auf ...e2 ab.} 47. Rxf7+ {[%emt 0:00:51] KRB-KRB} Kg8 48. Rf6 Bc5 49. fxe3 $1 Bxe3+ 50. Kf1 Kg7 51. Rf3 h4 {[%emt 0:00:19] Gewichteter Fehlerwert: Weiß=0.10 (sehr präzise) /Schwarz=0.10 (sehr präzise) .  Fehler:       	Weiß=2     	Schwarz=1     Ungenau:       	Weiß=3     	Schwarz=6     OK:         	Weiß=18    	Schwarz=18    Bester:       	Weiß=1     	---        Stark:        	Weiß=2     	---} 1/2-1/2

[Event "Fagernes Chess GM-Swiss 2024"]
[Site "Fagernes"]
[Date "2024.03.26"]
[Round "3.12"]
[White "Hedman, Erik"]
[Black "Koelle, Tobias"]
[Result "0-1"]
[ECO "B51"]
[WhiteElo "2311"]
[BlackElo "2460"]
[Annotator "TA"]
[PlyCount "100"]
[EventDate "2024.03.25"]
[EventType "swiss"]
[EventCountry "NOR"]
[SourceTitle "playchess.com"]
[Source "ChessBase"]
[SourceQuality "1"]
[TimeControl "40/6000+30:2400+30"]

1. e4 c5 2. Nf3 d6 3. Bb5+ Nd7 4. c4 Ngf6 5. Nc3 g6 6. d3 {[%emt 0:01:12] B51: Sicilian: Moscow Variation (3 Bb5+) without 3...Bd7.} Bg7 7. h3 O-O 8. Ba4 Nb8 9. Rb1 $146 ({Predecessor:} 9. O-O Bd7 10. Bxd7 Nfxd7 11. Be3 Nc6 12. d4 Rc8 13. b3 a6 14. Rc1 Qa5 15. a4 {½-½ Duda,J (2750)-Giri,A (2760) FTX Road to Miami KO 2022 (1.12)}) 9... Nc6 10. Be3 Nd7 11. Bxc6 bxc6 12. Qd2 e5 13. h4 (13. O-O $11) 13... f5 14. Bg5 $1 Qe8 15. h5 f4 16. hxg6 Qxg6 17. Ke2 Rf7 (17... Nb6 $11) 18. g3 (18. Rbg1 $14) 18... fxg3 $1 $11 19. Rbg1 $1 gxf2 20. Kxf2 Nf8 21. Rg3 h5 22. Kg2 {[%emt 0:03:36] [#]} (22. Ke1 $11 {was the only way to keep the balance.}) 22... Bg4 (22... Rxf3 $1 $17 23. Kxf3 (23. Rxf3 $2 Bg4 $19) 23... Bg4+ 24. Kf2 Ne6) 23. Nh4 $11 Qe6 24. Nd1 $1 Ng6 25. Nxg6 Qxg6 26. Nf2 Raf8 (26... Rf4 $11 27. Nxg4 (27. Bxf4 exf4 28. Qxf4 Rf8 $11) 27... Rxg4 (27... Qxg5 $2 28. Ne3 $18) 28. Rxg4 hxg4) 27. Nxg4 $16 hxg4 28. Rxg4 d5 29. Rg3 ({Don't play} 29. cxd5 $6 cxd5 30. Rhh4 Qa6 $11) ({White should try} 29. Qe2 $16 {And now Be3 would win.} Rf3 30. Qxf3 (30. cxd5 cxd5 31. Qxf3 Rxf3 $11) 30... Rxf3 31. Kxf3 dxe4+ 32. dxe4 Qf7+ 33. Kg3) 29... dxe4 $11 30. Bh6 (30. Be3 $11 {keeps the balance.} Qf5 31. Bxc5) 30... Qf5 $17 31. Bxg7 (31. Qg5 $17 Qxg5 32. Bxg5 exd3 33. Rxd3) 31... Rxg7 $19 32. Rxg7+ Kxg7 33. Qh6+ Kf7 34. Qh7+ Qxh7 35. Rxh7+ Kg6 36. Rh3 Rd8 $2 (36... Kf5 $19 {White must now prevent ...Rd8.} 37. Re3 Rd8 38. Rxe4 Rxd3) 37. dxe4 $11 Rd2+ 38. Kf1 Rxb2 39. Ra3 (39. Rf3 $1 $11) 39... Kg5 (39... Rc2 $15) 40. Rf3 $1 $11 Rxa2 41. Rf5+ Kg4 42. Rxe5 $2 {[%emt 0:00:00][%mdl 8192] [#]} (42. Ke1 $11) 42... Kf3 $1 $19 43. Rf5+ Kxe4 44. Rxc5 Ra6 45. Rh5 Kd3 46. c5 Ra1+ 47. Kf2 Rc1 48. Rh3+ Kd4 $2 (48... Kd2 49. Ra3 Rxc5 50. Rxa7 Rf5+ 51. Kg3 Kc3) 49. Ra3 $2 (49. Ke2 Kxc5 (49... Rxc5 $2 50. Kd2 $19) 50. Kd2) 49... Rxc5 $19 ({And not} 49... Kxc5 50. Rxa7 Kd4 51. Ke2 $11) 50. Rxa7 Re5 0-1

[Event "Fagernes Chess GM-Swiss 2024"]
[Site "Fagernes"]
[Date "2024.03.26"]
[Round "3.13"]
[White "Chasin, Nico"]
[Black "Nielsen, Viktor Haarmark"]
[Result "1-0"]
[ECO "C78"]
[WhiteElo "2447"]
[BlackElo "2351"]
[Annotator "TA"]
[PlyCount "53"]
[EventDate "2024.03.25"]
[EventType "swiss"]
[EventCountry "NOR"]
[SourceTitle "playchess.com"]
[Source "ChessBase"]
[SourceQuality "1"]
[TimeControl "40/6000+30:2400+30"]

1. e4 e5 2. Nf3 Nc6 3. Bb5 a6 4. Ba4 Nf6 5. O-O b5 6. Bb3 Bc5 7. c3 d6 8. d4 Bb6 9. a4 Rb8 10. axb5 axb5 11. h3 (11. Na3 $14 {deserves consideration.}) 11... O-O $1 $11 12. Re1 h6 13. Na3 {[%emt 0:03:25] The position is equal.} exd4 14. cxd4 Na5 15. Bc2 b4 16. Nb1 d5 17. e5 $36 {[%emt 0:03:31][%mdl 2048] White has some pressure.} Ne4 18. Nbd2 Bf5 {[%emt 0:00:49] Black cannot hold the game after this.} (18... Nc6 $1 $14) 19. Nxe4 $18 ({Don't play} 19. Bxe4 $6 dxe4 20. Nxe4 Qd5 $14) 19... Bxe4 20. Bxe4 dxe4 21. Rxe4 {[%emt 0:00:02][%cal Oc1h6] Bxh6! would now be deadly.} Qd5 22. Rg4 Kh8 $2 {[%emt 0:05:34] [#]} (22... f5 23. exf6 Rxf6) 23. Bxh6 $1 gxh6 24. Qd2 $1 Kh7 {[%emt 0:06:05][%cal Bh8h7,Bh7g6,Bg6f5][%mdl 32] [#]} 25. Ng5+ $1 {[%emt 0:01:46][%cal Bf3g5,Bg5e6,Be6g7][%mdl 544] White mates.} Kg6 (25... Kh8 26. Ne4) 26. Ne6+ Kf5 27. Ng7# {[%emt 0:00:05] Weighted Error Value: White=0.05 (flawless) /Black=0.63.  Mistake:       	---       	Black=2      Inaccurate:     	---       	Black=1      OK:         	White=6     	Black=5      Best:        	White=1     	Black=1      Strong:       	---       	Black=1      Brilliant:      	White=1     	---} 1-0

[Event "Fagernes Chess GM-Swiss 2024"]
[Site "Fagernes"]
[Date "2024.03.26"]
[Round "3.14"]
[White "Nandhidhaa, P V"]
[Black "Elsness, Frode"]
[Result "1/2-1/2"]
[ECO "D02"]
[WhiteElo "2305"]
[BlackElo "2437"]
[Annotator "TA"]
[PlyCount "128"]
[EventDate "2024.03.25"]
[EventType "swiss"]
[EventCountry "NOR"]
[SourceTitle "playchess.com"]
[Source "ChessBase"]
[SourceQuality "1"]
[TimeControl "40/6000+30:2400+30"]

1. d4 d5 2. Bf4 Nf6 3. e3 c5 4. Nf3 Nc6 5. Nbd2 Nh5 6. dxc5 Nxf4 7. exf4 g6 8. Nb3 {[%emt 0:08:23] Weiß steht etwas besser.} Bg7 9. c3 O-O 10. Be2 a5 11. a4 b6 12. cxb6 Qxb6 13. O-O Rd8 14. Bb5 Bg4 15. h3 Bxf3 16. Qxf3 Na7 17. Qe3 d4 18. Nxd4 Bxd4 19. cxd4 Nxb5 20. axb5 Qxb5 21. Qxe7 Rxd4 22. Qe5 Rb4 23. Ra2 (23. Qxb5 {vereinfacht} Rxb5 24. Ra2 Rd8 25. g3) 23... Re8 (23... Qxe5 $11 24. fxe5 Re4) 24. Qxb5 $1 $14 Rxb5 {[%emt 0:00:02][%mdl 4096] Endspiel. KRR-KRR} 25. Rfa1 Re2 26. b3 Rxa2 27. Rxa2 Rxb3 28. Rxa5 {[%emt 0:00:03] KR-KR} Kg7 29. h4 h5 30. f5 Kf6 31. fxg6 $1 fxg6 32. Kh2 Rc3 33. Rd5 Ra3 34. Rd4 Rb3 35. Rf4+ Kg7 36. g3 Ra3 37. Kg2 Rb3 38. Rf3 Rb2 39. Re3 Ra2 40. Kf3 Kf6 41. Re2 Ra3+ 42. Kf4 Ra4+ 43. Re4 $1 Ra2 44. Ke3 Ra3+ 45. Kd4 (45. Kd2 $14) 45... Ra4+ (45... g5 $11) 46. Kd5 (46. Kd3 $1 $14 Ra3+ 47. Ke2) 46... Ra5+ $11 47. Kd4 ({Vorzuziehen ist} 47. Kc4 $11) 47... Ra4+ $1 $14 48. Ke3 Ra3+ 49. Kf4 Ra2 50. f3 Ra5 51. Rb4 Ra6 52. Ke4 Re6+ 53. Kf4 Ra6 $1 54. g4 hxg4 $1 {[%emt 0:00:08] Die Stellung ist ausgeglichen.} 55. fxg4 g5+ 56. hxg5+ Kg6 57. Re4 Rb6 58. Re5 Rb4+ 59. Kg3 Rb1 60. Rf5 Rg1+ 61. Kf4 Rf1+ 62. Ke5 Re1+ ({Und nicht} 62... Rxf5+ 63. gxf5+ Kxg5 64. f6 Kh6 65. Kf5 Kh7 66. Ke6 Kg8 67. Ke7) 63. Kf4 Rf1+ 64. Ke5 Re1+ {[%emt 0:00:04] Gewichteter Fehlerwert: Weiß=0.13 (sehr präzise) /Schwarz=0.07 (makellos) .  Fehler:       	Weiß=3     	Schwarz=2     Ungenau:       	Weiß=4     	Schwarz=4     OK:         	Weiß=16    	Schwarz=24    Bester:       	Weiß=1     	Schwarz=7     Stark:        	Weiß=3     	Schwarz=3} 1/2-1/2

[Event "Fagernes Chess GM-Swiss 2024"]
[Site "Fagernes"]
[Date "2024.03.26"]
[Round "3.15"]
[White "Johansson, Linus"]
[Black "Dushyant Sharma"]
[Result "1-0"]
[ECO "D32"]
[WhiteElo "2427"]
[BlackElo "2331"]
[Annotator "TA"]
[PlyCount "97"]
[EventDate "2024.03.25"]
[EventType "swiss"]
[EventCountry "NOR"]
[SourceTitle "playchess.com"]
[Source "ChessBase"]
[SourceQuality "1"]
[TimeControl "40/6000+30:2400+30"]

1. d4 d5 2. c4 e6 3. Nc3 c5 4. cxd5 exd5 5. e3 cxd4 6. exd4 {[%emt 0:00:31] D32: Tarrasch Defence: Sidelines and lines without g3.} Nf6 {[%emt 0:00:39] 6...Nc6 deserves study.} 7. Bb5+ Bd7 8. Bd3 $146 ({Predecessor:} 8. Qb3 Qa5 9. Bd2 Bb4 10. Bd3 Nc6 11. Nge2 O-O 12. O-O Rfe8 13. a3 Bxc3 14. bxc3 {0-1 Bologan,V (2608)-Dreev,A (2639) Linares Anibal op 06th 1999 (10)}) 8... Nc6 9. Nge2 Bd6 10. O-O O-O 11. h3 h6 12. Be3 Qc8 13. Ng3 Nb4 14. Bb1 Re8 {[%emt 0:02:12] [#]} 15. Qf3 (15. Nh5 $1 $16 {[%cal Rh5f6] Nxf6+ is the strong threat.} Nxh5 16. Qxh5) 15... Qd8 $11 16. Nf5 Bxf5 17. Bxf5 Nc6 18. Rad1 (18. Nxd5 $2 Nxd5 19. Bc2 (19. Qxd5 $2 Bh2+ 20. Kxh2 Qxd5 $19) 19... Bc7 $19) 18... Qb6 19. Rd2 Rad8 20. Bb1 (20. Nxd5 $2 Nxd5 21. Be4 (21. Qxd5 $2 Bh2+ 22. Kxh2 Rxd5 $19) 21... Nf6 22. Bxc6 Qxc6 $19 (22... bxc6 $2 23. d5 $19)) 20... Bb4 21. Rd3 Bxc3 22. Rxc3 Nxd4 (22... Qxb2 $2 23. Rb3 Nxd4 (23... Qa1 $2 24. Bh7+ Kxh7 25. Rxa1 $18) 24. Rxb2 $18) 23. Qd1 Ne2+ 24. Qxe2 d4 25. Bxd4 Rxd4 26. Qf3 Rb4 27. b3 Rd4 28. Rfc1 Red8 29. g3 g6 30. Rc4 Kg7 31. Kg2 Rxc4 32. Rxc4 Rd2 33. Rc2 Rxc2 34. Bxc2 Qc5 35. Bd3 b5 36. Qb7 a6 $1 37. a4 bxa4 (37... Qc3 $11 38. Bf1 Qd4) 38. bxa4 (38. Qxa6 $2 axb3 39. Kf1 b2 $19) (38. Bc4 $16 Qf8 39. bxa4 (39. Qxa6 axb3 40. Bxb3 Qe8 $11)) 38... Nd5 $2 (38... a5 $11) 39. Bxa6 $18 ({And not} 39. Qxa6 Nb4 40. Qb5 Nxd3 41. Qxd3 Qc6+ 42. Kh2 Qxa4 $11) 39... Qd4 (39... h5 $142 40. Qb5 Qd6 41. Qb2+ f6) 40. Bf1 $18 h5 41. Qb3 h4 42. Qc4 Qd2 43. Qxh4 (43. gxh4 $2 {perishes.} Ne3+ 44. Kg1 Nxc4 $19) 43... f5 44. Kg1 f4 45. Qg5 Qd4 (45... Kh7 $142 46. g4 Kg7) 46. a5 $18 f3 47. a6 Nc3 48. Qe7+ Kh6 49. Qe3+ 1-0

[Event "Fagernes Chess GM-Swiss 2024"]
[Site "Fagernes"]
[Date "2024.03.26"]
[Round "3.16"]
[White "Celik, Hasan Huseyin"]
[Black "Vagman, Roy"]
[Result "1/2-1/2"]
[ECO "D24"]
[WhiteElo "2417"]
[BlackElo "2311"]
[Annotator "TA"]
[PlyCount "169"]
[EventDate "2024.03.25"]
[EventType "swiss"]
[EventCountry "NOR"]
[SourceTitle "playchess.com"]
[Source "ChessBase"]
[SourceQuality "1"]
[TimeControl "40/6000+30:2400+30"]

1. d4 d5 2. c4 e6 3. Nf3 Nf6 4. Nc3 dxc4 5. e4 b5 6. e5 $1 Nd5 7. Nxb5 Nb6 8. Be2 {[%emt 0:00:19] White is slightly better.} Nc6 9. O-O Be7 10. Qd2 Qd7 11. Rd1 {[%emt 0:16:45] White is more active.} Bb7 12. b3 cxb3 13. axb3 O-O 14. Qc2 a6 15. Nc3 Nb4 16. Qb1 Qc6 17. Bd2 N4d5 18. Nxd5 Nxd5 19. Bd3 h6 20. Re1 Bb4 21. Bxb4 Nxb4 22. Bh7+ Kh8 23. Be4 Qb5 24. Rc1 Bxe4 25. Qxe4 Nd5 26. Rab1 a5 27. h3 a4 28. bxa4 Qxa4 29. Rb2 Rab8 30. Qc2 Qxc2 31. Rcxc2 Rxb2 32. Rxb2 $15 {[%emt 0:00:01][%mdl 4096] Endgame. KRN-KRN} g5 33. Nh2 Ra8 34. Ng4 Ra1+ 35. Kh2 Kg7 36. Ne3 {[%emt 0:00:27] Dodges Rd1} Nxe3 37. fxe3 $11 {[%emt 0:00:02] KR-KR} Ra3 38. Rc2 Rxe3 39. Rxc7 Rd3 40. Rc4 h5 41. Kg1 (41. g4 $15) 41... Rd2 (41... Kg6 $17) 42. Ra4 Kg6 43. Rb4 ({Better is} 43. g3 $15) 43... h4 $1 $17 44. Kf1 Kf5 45. Rb7 Rxd4 46. Rxf7+ Kxe5 47. Ke2 $2 (47. Kg1 $17 {nothing else works.}) 47... Re4+ $19 48. Kd3 Re1 $1 49. Rf2 Ra1 $1 50. Re2+ Kd5 51. Rb2 Ra3+ 52. Ke2 e5 53. Rb5+ (53. Kf2 $142 Ke4 54. Rb7) 53... Ke4 54. Rb4+ Kf5 55. Rg4 e4 56. Kf2 Ra2+ 57. Kf1 Rc2 58. g3 hxg3 59. Rxg3 Kf4 60. Ra3 Rd2 $2 (60... Rh2 $1 $19 {White must now prevent ...e3.} 61. Ra8 Rxh3) 61. Ra8 Kg3 62. Rg8 Rf2+ ({Of course not} 62... Kxh3 $6 63. Rxg5 e3 64. Ke1 $11) 63. Ke1 Rf5 $1 64. Rh8 {[%emt 0:00:12] [#]} Kf3 $1 65. Re8 $2 (65. Kf1 $17) 65... Kg3 $2 (65... Ra5 $19 66. Rf8+ Kg2) 66. Rh8 $1 $11 Kf3 $2 (66... Kf4 $11) 67. Re8 $19 Ra5 68. Re7 Ra1+ 69. Kd2 Ra2+ 70. Ke1 Rh2 71. Rf7+ Ke3 72. Kf1 Rxh3 73. Kg2 Rf3 74. Rg7 Rf5 75. Kg3 Ke2 76. Ra7 Rd5 77. Ra2+ Rd2 78. Ra5 e3 79. Rxg5 Kf1 80. Rh5 {[%emt 0:00:22] [#]} Ke2 $2 (80... Kg1 $1 {mates} 81. Re5 e2 82. Re3 Rc2 (82... Rd3 $2 83. Rxd3 e1=Q+ 84. Kf4 $19) 83. Kg4 Kf1 84. Kf5 e1=Q (84... e1=B 85. Ke4 $15) 85. Rxe1+ Kxe1 86. Ke4 Rc5 87. Kd3 Ra5 88. Ke4 Ke2 89. Kd4 Kf3 90. Kc4 Ke3 91. Kb4 Rh5 92. Kc4 Re5 93. Kc3 Re4 94. Kc2 Rc4+ 95. Kb2 Kd2 96. Kb3 Rd4 97. Kb2 Rd3 98. Ka1 Kc2 99. Ka2 Rh3 100. Ka1 Ra3#) 81. Ra5 $11 {[%emt 0:02:00] The position is equal.} Ke1 (81... Rd3 $5 82. Ra1 $8 Rd7 83. Ra2+ Kd3 $11) 82. Kf3 $1 e2 {[%emt 0:00:08] ( -> ...Kf1)} (82... Rd3 $5 83. Ra1+ $8 Rd1 84. Rxd1+ Kxd1 85. Kxe3 $11) 83. Ke3 $1 Kd1 (83... Kf1 $5 84. Rf5+ $8 Ke1 $11) 84. Ra1+ Kc2 85. Re1 {[%emt 0:00:06] Weighted Error Value: White=0.46/Black=0.16 (very precise) .  Loses game:     	White=2     	---        Missed win:     	---       	Black=1      Mistake:       	White=3     	Black=1      Inaccurate:     	White=5     	Black=2      OK:         	White=15    	Black=22     Best:        	White=11    	Black=4      Strong:       	White=3     	Black=5} 1/2-1/2

[Event "Fagernes Chess GM-Swiss 2024"]
[Site "Fagernes"]
[Date "2024.03.26"]
[Round "3.17"]
[White "Ingebretsen, Jens E"]
[Black "Shivika Rohilla"]
[Result "1-0"]
[ECO "B33"]
[WhiteElo "2402"]
[BlackElo "2003"]
[Annotator "TA"]
[PlyCount "77"]
[EventDate "2024.03.25"]
[EventType "swiss"]
[EventCountry "NOR"]
[SourceTitle "playchess.com"]
[Source "ChessBase"]
[SourceQuality "1"]
[TimeControl "40/6000+30:2400+30"]

1. e4 c5 2. Nf3 e6 3. d4 cxd4 4. Nxd4 Nf6 5. Nc3 Nc6 6. Ndb5 d6 7. Bf4 e5 8. Bg5 a6 9. Na3 b5 10. Nd5 Be7 11. Bxf6 Bxf6 12. c3 Rb8 13. Nc2 Bg5 14. a4 bxa4 15. Ncb4 Nxb4 16. cxb4 O-O {[%emt 0:00:27] Die Stellung ist ausgeglichen.} 17. Rxa4 a5 18. b5 Bd7 19. Nc3 d5 20. exd5 f5 21. Be2 Kh8 22. d6 (22. O-O $16) 22... Be6 23. O-O Rb6 24. Rxa5 {[%emt 0:00:45] [#] Droht stark Ra6.} Rxd6 25. Qa1 Bf4 (25... Re8 $14) 26. g3 $16 Bd2 {[%emt 0:00:30] Führt Schwarz ins Verderben.} (26... Bg5 $16 {war einen Versuch wert.}) 27. Ra6 $18 {[%emt 0:04:09] Zielt auf Qa3 ab.} e4 28. Qa3 Rxa6 29. bxa6 Bc8 30. Rd1 {[%emt 0:05:12][%cal Od1d2] [#] Rxd2! ist eine echte Drohung.} e3 31. fxe3 Re8 32. Bf3 {[%emt 0:13:38] Droht a7 und aus.} Rxe3 $2 (32... Bxe3+ 33. Kg2 Qc7) 33. a7 Rxf3 34. a8=Q {[%emt 0:02:40] Droht Matt per Rxd2.} ({Nicht} 34. a8=B Rd3 $11 (34... Rxc3 $2 35. bxc3 Be6 36. Bf3 $18)) 34... Qb6+ 35. Kh1 {[%emt 0:01:07][%cal Ra3f8] Weiß setzt Matt.} Rf1+ 36. Rxf1 Qb7+ 37. Qxb7 Bxb7+ 38. Kg1 Be3+ 39. Rf2 {[%emt 0:00:03] Gewichteter Fehlerwert: Weiß=0.19 (sehr präzise) /Schwarz=0.68.  Fehler:       	Weiß=1     	Schwarz=3     Ungenau:       	Weiß=1     	Schwarz=7     OK:         	Weiß=11    	Schwarz=7     Bester:       	Weiß=2     	---} 1-0

[Event "Fagernes Chess GM-Swiss 2024"]
[Site "Fagernes"]
[Date "2024.03.26"]
[Round "3.18"]
[White "Sidhant, Mohapatra"]
[Black "Anishka Vikram"]
[Result "1-0"]
[ECO "E06"]
[WhiteElo "2379"]
[BlackElo "1995"]
[Annotator "RC"]
[PlyCount "91"]
[EventDate "2024.03.25"]
[EventType "swiss"]
[EventCountry "NOR"]
[SourceTitle "playchess.com"]
[Source "ChessBase"]
[SourceQuality "1"]
[TimeControl "40/6000+30:2400+30"]

1. d4 d5 2. Nf3 Nf6 3. c4 e6 4. g3 Be7 5. Bg2 O-O 6. O-O c6 7. Nc3 b6 8. Ne5 Ba6 9. Re1 Bxc4 10. Nxc4 dxc4 11. e3 Nd5 12. a4 Qd7 13. Qe2 b5 14. Rd1 a5 15. e4 Nxc3 16. bxc3 b4 17. Qxc4 bxc3 18. Qxc3 Na6 19. Be3 Nb4 20. h4 Bf6 21. Qc4 Rac8 22. Rac1 Rfd8 23. Bf3 Qe8 24. Kg2 Rd7 25. d5 exd5 26. exd5 Rcd8 27. dxc6 Rxd1 28. Bxd1 Nxc6 29. Bb6 Ne5 30. Qb5 Ra8 31. Qxe8+ Rxe8 32. Bxa5 h6 33. Rc7 Nd3 34. Bb6 Rb8 35. Ba7 Rd8 36. Bb3 Ne5 37. a5 Rd6 38. Bc5 Ra6 39. Bb6 Ra8 40. f4 Bd8 41. fxe5 Bxc7 42. Bxc7 Kf8 43. Bd5 Rc8 44. Bd6+ Ke8 45. a6 Rc2+ 46. Kh3 1-0